 Dungeon Crawl Stone Soup version 0.17.0-1-g61d176b (webtiles) character file.

11933 fotsohgehT the Thaumaturge (level 11, 0/81 HPs)
             Began as a Spriggan Air Elementalist on Nov 7, 2015.
             Was an Elder of Vehumet.
             Slain by a troll (2 damage)
             ... on level 9 of the Dungeon.
             The game lasted 02:35:14 (20398 turns).

fotsohgehT the Thaumaturge (SpAE)                  Turns: 20398, Time: 02:35:14

Health: 0/81       AC: 25    Str:  9    XL:     11   Next: 55%
Magic:  26/26      EV:  4    Int: 27    God:    Vehumet [****..]
Gold:   811        SH:  0    Dex: 22    Spells: 1 memorised, 26 levels left

rFire  + . .     SeeInvis +     f - +2 dagger (venom)
rCold  . . .     Clarity  .     (armour currently unavailable)
rNeg   + + +     SustAt   .     (shield restricted)
rPois  +         Gourm    .     (helmet currently unavailable)
rElec  .         Spirit   .     (cloak currently unavailable)
rCorr  .         Warding  .     (gloves unavailable)
rMut   .         NoTele   +     (boots unavailable)
MR     ++...                    (no amulet)
Stlth  ++++++....               S - ring of protection from magic
                                N - ring of protection from fire

@: mighty, brilliant, agile, exhausted, tree-form (expiring), slowed, very slow,
very resistant to hostile enchantments, very stealthy
A: unfitting armour, see invisible, clever 1, herbivore 3, (speed 0), frail 1,
slow metabolism 2
a: Renounce Religion


You were on level 9 of the Dungeon.
You worshipped Vehumet.
Vehumet was greatly pleased with you.
You were full.
You were a tree.
You visited 2 branches of the dungeon, and saw 14 of its levels.
You also visited: Sewer.

You collected 811 gold pieces.

Inventory:

Hand Weapons
 a - a +0 blowgun
 f - a +2 dagger of venom (weapon)
 q - a +0 rapier
 H - a +3 dagger
Missiles
 g - 362 stones
 n - 26 poisoned needles
 o - 19 tomahawks (quivered)
 p - a throwing net
 R - 2 needles of sleeping
Armour
 G - a +0 cloak (melded)
 J - a +0 robe of cold resistance (melded)
 U - a +2 troll leather armour
Jewellery
 N - a ring of protection from fire (left branch)
 S - a ring of protection from magic (right branch)
Wands
 z - a wand of draining (6)
 E - a wand of slowing (20)
 I - a wand of draining (13)
 K - a wand of random effects (14)
 M - a wand of confusion (4)
Scrolls
 d - 5 scrolls of teleportation
 e - a scroll of recharging
 k - a scroll of immolation
 s - a scroll of random uselessness
 v - 3 scrolls of remove curse
 y - a scroll of amnesia
 C - 2 scrolls of magic mapping
Potions
 r - 2 potions of heal wounds
 t - 2 potions of magic
 u - 5 potions of curing
 A - a potion of might
 B - 2 potions of flight
Books
 b - a book of Air

   Spells                             Type                      Level
   a - Shock                          Conjuration/Air              1
   b - Swiftness                      Charms/Air                   2
   c - Repel Missiles                 Charms/Air                   2
   d - Static Discharge               Conjuration/Air              3
   e - Lightning Bolt                 Conjuration/Air              5
 i - a Grand Grimoire

   Spells                             Type                      Level
   a - Monstrous Menagerie            Summoning                    6
   b - Summon Greater Demon           Summoning                    7
   c - Malign Gateway                 Summoning/Translocation      7
   d - Summon Horrible Things         Summoning                    8
 Q - a book of Party Tricks

   Spells                             Type                      Level
   a - Summon Butterflies             Summoning                    1
   b - Apportation                    Translocation                1
   c - Tukima's Dance                 Hexes                        3
   d - Alistair's Intoxication        Transmutation/Poison         4
   e - Invisibility                   Hexes                        6
Miscellaneous
 W - a stone of tremors
Comestibles
 h - 12 bread rations
 m - a slice of pizza
 x - 11 fruits


   Skills:
 + Level 8.3 Fighting
 - Level 8.2 Short Blades
 - Level 9.0 Dodging
 - Level 6.7 Stealth
 - Level 10.1 Spellcasting
   Level 0.6 Conjurations
 - Level 8.0 Air Magic
 - Level 3.3 Evocations


You had 26 spell levels left.
You knew the following spells:

 Your Spells              Type           Power        Failure   Level  Hunger
a - Airstrike             Air            ######....   1%          4    None


Dungeon Overview and Level Annotations

Branches:
Dungeon (13/15)            Temple (1/1) D:7            Lair (0/8) D:11
    Orc (0/4) D:10
 Vaults: D:13-14

Altars:
Cheibriados
Dithmenos
Elyvilon
Fedhas
Gozag
Kikubaaqudgha
Makhleb
Okawaru
Qazlal
Ru
Sif Muna
Trog
Vehumet
Xom
Yredelemnul
Zin

Shops:
D:8 (   D:10 [

Annotations:
D:4 Blork the orc; Britaniac's ghost, amateur NaTm; Sigmund
D:5 hadoken's ghost, amateur OpCj
D:11 exclusion: oklob plant, Fannar; Snorg


Innate Abilities, Weirdness & Mutations

You are tiny and cannot use many weapons and most armour.
You have supernaturally acute eyesight.
You are a herbivore.
((You cover ground extremely quickly.))
You need consume almost no food.
Your mind is acute. (Int +2)
You are frail (-10% HP).


Message History

The troll claws you but does no damage.
Drink which item? (? for menu, Esc to quit)
A red film seems to cover your vision as you go berserk!
You feel yourself moving faster!
You feel mighty! The troll bites you but does no damage.
The troll claws you but does no damage. The troll barely misses you.
You feel a strong urge to attack something.
The troll bites you.
* * * LOW HITPOINT WARNING * * *
The troll completely misses you. The troll claws you but does no damage.
You feel your anger subside. The troll bites you.
* * * LOW HITPOINT WARNING * * *
The troll claws you.
* * * LOW HITPOINT WARNING * * *
The troll claws you but does no damage.
You are no longer berserk.
You are exhausted.
You feel yourself slow down. The troll bites you.
You die...

#..* #...##..# #.# #...##..#.)
#..* #...##..# #.# #...##..#..
#..* #...##..# #.# #...##..#.>
#..* #...##..# #.# #...##..#..
#..* #...##..# #.# #)..##..#..
#..* #...##..# #.# #...##..#..
#..####...##!.# #.####...##..#).
..............####...............
...............T♣................
#################################


You could see a troll.

Vanquished Creatures
  A centaur warrior (D:12)
  2 unseen horrors
  2 trolls
  A two-headed ogre (D:13)
  3 deep elf magi
  A human (D:7)
  A hungry ghost (D:11)
  Grum (D:11)
  4 yaks (D:11)
  A hippogriff (D:13)
  3 wolves (D:11)
  2 ice beasts (D:8)
  7 orc warriors
  A phantom (D:9)
  2 wasps
  3 sky beasts
  A necrophage (D:11)
  10 ogres
  7 centaurs
  4 black bears
  A crocodile (D:10)
  8 big kobolds
  9 giant frogs
  5 gnoll sergeants (D:10)
  A scorpion (D:4)
  13 wights
  A quasit (D:10)
  4 crimson imps
  3 jellies
  2 giant frog skeletons
  2 centaur skeletons
  7 gnoll shamans (D:3)
  4 hounds
  8 orc priests
  5 iguanas
  4 sheep (D:7)
  12 worker ants
  10 orc wizards
  A hound zombie (D:5)
  2 worker ant zombies (D:8)
  35 gnolls
  A river rat (Sewer)
  2 shadow imps
  12 adders
  3 oozes
  4 adder skeletons
  An adder zombie (D:8)
  5 worms
  5 giant geckos
  35 orcs
  A ball python (D:2)
  6 hobgoblins
  32 jackals
  27 kobolds
  5 quokkas
  A ball python zombie (D:5)
  4 bats
  5 giant cockroaches
  6 giant newts
  8 goblins
  2 quokka skeletons
  9 rats
368 creatures vanquished.

Vanquished Creatures (others)
  A kobold (D:12)
1 creature vanquished.

Grand Total: 369 creatures vanquished

Notes
Turn   | Place    | Note
--------------------------------------------------------------
     0 | D:1      | fotsohgehT the Spriggan Air Elementalist began the quest for the Orb.
     0 | D:1      | Reached XP level 1. HP: 9/9 MP: 5/5
   323 | D:1      | Reached XP level 2. HP: 13/13 MP: 0/7
  1118 | D:2      | Reached XP level 3. HP: 8/16 MP: 0/8
  1677 | D:2      | Reached skill level 4 in Dodging
  1692 | D:2      | Found a shimmering altar of Xom.
  1692 | D:2      | Found a burning altar of Makhleb.
  1752 | D:2      | Found an ancient bone altar of Kikubaaqudgha.
  1943 | D:2      | Reached skill level 1 in Short Blades
  2038 | D:3      | Found a shadowy altar of Dithmenos.
  2073 | D:3      | Reached XP level 4. HP: 21/21 MP: 10/10
  2085 | D:3      | Noticed an ogre
  2214 | D:3      | Found a faded altar to an unknown god.
  2214 | D:3      | Found a white marble altar of Elyvilon.
  2331 | D:3      | Learned a level 2 spell: Repel Missiles
  2403 | D:4      | Noticed Blork the orc
  2426 | D:4      | Noticed Sigmund
  2428 | D:4      | ...
  3250 | D:4      | Reached XP level 5. HP: 24/24 MP: 12/12
  3553 | D:5      | Entered Level 5 of the Dungeon
  3610 | D:5      | Noticed a centaur
  3867 | D:5      | Found a glowing drain.
  3875 | Sewer    | Entered a sewer
  4199 | Sewer    | Reached skill level 5 in Dodging
  4199 | Sewer    | Reached skill level 5 in Spellcasting
  4199 | Sewer    | Reached XP level 6. HP: 24/28 MP: 14/14
  4638 | D:5      | Noticed an ogre
  4655 | D:5      | Killed an ogre
  4720 | D:5      | Noticed hadoken's ghost (amateur OpCj)
  4919 | D:5      | Reached skill level 5 in Stealth
  5049 | D:4      | Reached XP level 7. HP: 32/32 MP: 16/16
  5229 | D:4      | ...
  5493 | D:4      | Noticed Britaniac's ghost (amateur NaTm)
  5510 | D:4      | Found a snail-covered altar of Cheibriados.
  5669 | D:6      | Reached skill level 1 in Fighting
  5692 | D:6      | Found a glowing silver altar of Zin.
  6158 | D:5      | Killed a centaur
  6158 | D:5      | Reached skill level 6 in Dodging
  6408 | D:7      | Reached XP level 8. HP: 39/39 MP: 17/17
  6623 | D:7      | Noticed a human
  6643 | D:7      | Found a staircase to the Ecumenical Temple.
  6654 | Temple   | Entered the Ecumenical Temple
  6718 | Temple   | Became a worshipper of Vehumet
  6929 | D:7      | Reached skill level 7 in Dodging
  7177 | D:7      | Found an opulent altar of Gozag.
  7381 | D:6      | Reached skill level 5 in Short Blades
  7694 | D:3      | Reached skill level 5 in Air Magic
  7706 | D:3      | Killed an ogre
  7948 | D:3      | Reached * piety under Vehumet
  7948 | D:3      | Offered knowledge of Freeze by Vehumet.
  8030 | D:3      | ...
  8426 | D:3      | Reached XP level 9. HP: 46/46 MP: 18/18
  8449 | D:3      | Noticed an ogre
  8576 | D:3      | Reached skill level 5 in Fighting
  8576 | D:3      | Reached skill level 8 in Dodging
  8586 | D:3      | Killed an ogre
  8926 | D:4      | Reached ** piety under Vehumet
  9395 | D:5      | Offered knowledge of Throw Frost by Vehumet.
 10486 | D:7      | Killed a human
 10852 | D:8      | Found Vatham Jix's Weapon Shop.
 10960 | D:8      | Offered knowledge of Searing Ray by Vehumet.
 11172 | D:8      | Reached skill level 1 in Evocations
 11573 | D:8      | Reached *** piety under Vehumet
 12074 | D:8      | Reached XP level 10. HP: 46/53 MP: 15/19
 12278 | D:8      | Offered knowledge of Airstrike by Vehumet.
 12290 | D:7      | Learned a level 4 spell: Airstrike
 12668 | D:9      | Gained mutation: Your mind is acute. (Int +2) [potion of mutation]
 12668 | D:9      | Gained mutation: You are frail (-10% HP). [potion of mutation]
 13664 | D:10     | Entered Level 10 of the Dungeon
 13929 | D:10     | Reached **** piety under Vehumet
 14458 | D:10     | Noticed an unseen horror
 14478 | D:10     | Killed an unseen horror
 14609 | D:10     | Found a staircase to the Orcish Mines.
 14757 | D:10     | Offered knowledge of Iskenderun's Mystic Blast by Vehumet.
 15389 | D:10     | Found Nanof's Armour Shop.
 15789 | D:10     | Reached XP level 11. HP: 35/52 MP: 17/24
 15934 | D:11     | Reached skill level 9 in Spellcasting
 16452 | D:11     | Noticed Snorg
 16477 | D:11     | Noticed an unseen horror
 16496 | D:11     | Reached ***** piety under Vehumet
 16532 | D:11     | Offered knowledge of Freezing Cloud by Vehumet.
 16718 | D:11     | Noticed Grum
 16761 | D:11     | Killed Grum
 17012 | D:11     | Noticed Fannar
 17099 | D:11     | Found a staircase to the Lair.
 17958 | D:12     | Noticed a centaur warrior
 17959 | D:12     | Killed a centaur warrior
 17964 | D:12     | Noticed a centaur warrior
 18053 | D:11     | Killed an unseen horror
 18053 | D:11     | Reached skill level 10 in Spellcasting
 18067 | D:12     | Noticed a hill giant
 18139 | D:12     | Found a blossoming altar of Fedhas.
 18139 | D:12     | Noticed an unseen horror
 20397 | D:9      | HP: 3/121 [troll (5)]
 20398 | D:9      | Slain by a troll

Action                   |  1- 3 |  4- 6 |  7- 9 | 10-12 || total
-------------------------+-------+-------+-------+-------++-------
Melee: Unarmed           |     7 |       |       |       ||     7
       Short sword       |    21 |       |       |       ||    21
       Dagger            |    31 |   167 |   610 |   289 ||  1097
       Rapier            |       |       |     8 |    17 ||    25
 Fire: Blowgun           |       |       |     8 |   241 ||   249
Throw: Tomahawk          |     1 |    24 |    67 |    43 ||   135
       Stone             |       |     9 |    45 |     1 ||    55
       Throwing net      |       |       |     1 |       ||     1
 Cast: Shock             |    41 |    11 |    74 |    59 ||   185
       Repel Missiles    |       |     1 |     2 |     1 ||     4
       Airstrike         |       |       |       |    18 ||    18
Evoke: Wand              |       |       |     6 |    23 ||    29
  Use: Scroll            |       |       |    10 |    20 ||    30
       Potion            |       |       |       |    10 ||    10
 Stab: Sleeping          |     9 |    10 |    15 |    13 ||    47
       Distracted        |       |       |     3 |     7 ||    10
       Held in net/web   |       |       |     1 |       ||     1
       Confused          |       |       |     1 |     5 ||     6
  Eat: Bread ration      |     1 |       |       |       ||     1
       Pizza             |       |       |     6 |     3 ||     9
       Fruit             |       |       |       |     3 ||     3
